 Dungeon Crawl Stone Soup version 0.18-a0-1497-g788d838 (webtiles) character file.

975 milladamen the Basher (level 7, 0/57 HPs)
             Began as a Minotaur Berserker on Mar 4, 2016.
             Was an Elder of Trog.
             Shot with an arrow by a centaur (4 damage)
             ... on level 5 of the Dungeon.
             The game lasted 00:23:51 (3310 turns).

milladamen the Basher (Minotaur Berserker)          Turns: 3310, Time: 00:23:51

Health: 0/57       AC: 10    Str: 21    XL:     7   Next: 95%
Magic:  6/6        EV:  8    Int:  4    God:    Trog [****..]
Gold:   220        SH:  0    Dex: 12    Spells: 0 memorised, 6 levels left

rFire  . . .     SeeInvis .     y - +0 morningstar
rCold  . . .     Gourm    .     g - +1 chain mail
rNeg   . . .     Faith    .     (no shield)
rPois  .         Spirit   .     (helmet restricted)
rElec  .         Dismiss  .     (no cloak)
rCorr  .         Reflect  .     (no gloves)
SustAt .         Harm     .     (no boots)
MR     .....                    (no amulet)
Stlth  ..........               (no ring)
                                (no ring)

@: exhausted, not resistant to hostile enchantments, extremely unstealthy
A: retaliatory headbutt, horns 2
a: Berserk, Trog's Hand, Brothers in Arms, Burn Spellbooks, Renounce Religion


You were on level 5 of the Dungeon.
You worshipped Trog.
Trog was greatly pleased with you.
You were not hungry.

You visited 1 branch of the dungeon, and saw 5 of its levels.

You collected 220 gold pieces.

Inventory:

Hand Weapons
 a - a +0 mace
 y - a +0 morningstar (weapon)
 C - a +0 flail
Armour
 b - a +0 animal skin
 g - a +1 chain mail (worn)
Wands
 n - a wand of flame (27/48)
 w - a wand of disintegration (19/24)
 z - a wand of random effects (39/48)
 A - a wand of flame (12/48)
Scrolls
 h - 4 scrolls of remove curse
 i - a scroll of recharging
 p - 2 scrolls of amnesia
 q - a scroll of teleportation
 u - a scroll of enchant armour
Potions
 d - 2 potions of cancellation {unknown}
 f - a potion of magic
 j - a potion of ambrosia
 l - 4 potions of curing
 o - a potion of flight
 s - a potion of might
 t - a potion of lignification
 v - a potion of heal wounds
 x - a potion of brilliance {unknown}
Comestibles
 c - 3 bread rations
 k - a royal jelly
 m - 2 meat rations


   Skills:
 + Level 3.6 Fighting
 + Level 11.1 Maces & Flails
 + Level 2.8 Armour
 + Level 2.4 Dodging
 + Level 0.5 Stealth


You had 6 spell levels left.
You didn't know any spells.

Dungeon Overview and Level Annotations

Branches:
Dungeon (5/15)
 Temple: D:4-7

Altars:
Kikubaaqudgha
Nemelex Xobeh
Okawaru
Ru
Sif Muna


Innate Abilities, Weirdness & Mutations

You reflexively headbutt those who attack you in melee.
You have a pair of horns on your head.


Message History

d - 2 bubbling emerald potions You feel yourself speed up.
A centaur comes into view.
The centaur shouts!
The centaur wields a shortbow.
The centaur shoots an arrow.
The arrow hits you.
You see here an arrow.
The centaur shoots an arrow.
The arrow hits you.
The centaur shoots an arrow.
The arrow hits you.
Found a buckler.
You see here 2 arrows.
The centaur shoots an arrow.
The arrow closely misses you.
The centaur shoots an arrow.
The arrow hits you.
The centaur shoots an arrow.
The arrow hits you.
* * * LOW HITPOINT WARNING * * *
The centaur shoots an arrow.
The arrow hits you!
* * * LOW HITPOINT WARNING * * *
You see here an arrow.
You are too injured to fight recklessly!
The centaur shoots an arrow.
The arrow hits you.
You die...

** *,* #..#....## ##..## **
**,* ##.##....####..## ,**
**,,** #..#......#..##
,,***,,,,****####..#..#.....##
**,,,,,,,,,,,,.......####..##
**,,*,,,******#[..........##
*,,,,,,** ##c.........##
.,,,,,,**#####..........#*
.,,,,,,,,.......@......#*
,,,,***,........(.....## **,,*
**....####.....## *,,*
*#..####.....## *,**
#.......((.## ##.*
##......(### #.#* #..###..##
#.## #....##.#
...#*####.......##***


You could see a centaur.

Vanquished Creatures
  Sigmund (D:3)
  A sky beast (D:4)
  3 ogres
  A centaur (D:5)
  3 worker ants (D:5)
  2 iguanas (D:5)
  A hound zombie (D:5)
  Robin (D:4)
  10 adders
  2 shadow imps
  2 oozes
  2 adder skeletons (D:4)
  4 worms
  5 giant geckos
  8 orcs
  2 bat zombies (D:4)
  5 giant cockroaches
  8 hobgoblins
  8 jackals
  9 kobolds
  3 quokkas
  4 ball pythons
  4 bats
  3 giant newts (D:1)
  13 goblins
  2 quokka skeletons (D:5)
  12 rats
  2 rat zombies (D:4)
121 creatures vanquished.

Notes
Turn   | Place    | Note
--------------------------------------------------------------
     0 | D:1      | milladamen the Minotaur Berserker began the quest for the Orb.
     0 | D:1      | Reached XP level 1. HP: 19/19 MP: 0/0
   106 | D:1      | Reached skill level 4 in Maces & Flails
   192 | D:1      | Reached XP level 2. HP: 26/26 MP: 1/1
   336 | D:1      | Reached ** piety under Trog
   570 | D:1      | Reached skill level 5 in Maces & Flails
   704 | D:2      | Reached XP level 3. HP: 31/31 MP: 2/2
   829 | D:2      | Reached XP level 4. HP: 32/39 MP: 3/3
   833 | D:2      | Reached skill level 6 in Maces & Flails
  1108 | D:2      | Found a deep blue altar of Sif Muna.
  1335 | D:3      | Reached *** piety under Trog
  1468 | D:3      | Reached XP level 5. HP: 41/45 MP: 4/4
  1470 | D:3      | Found a sacrificial altar of Ru.
  1474 | D:3      | Found a sparkling altar of Nemelex Xobeh.
  1479 | D:3      | Found an iron altar of Okawaru.
  1565 | D:3      | Reached skill level 7 in Maces & Flails
  1642 | D:3      | Noticed Sigmund
  1656 | D:3      | Killed Sigmund
  1656 | D:3      | Reached skill level 8 in Maces & Flails
  1656 | D:3      | Reached XP level 6. HP: 28/51 MP: 5/5
  2000 | D:4      | Found a sacrificial altar of Ru.
  2100 | D:4      | Reached skill level 9 in Maces & Flails
  2107 | D:4      | Noticed Robin
  2119 | D:4      | Killed Robin
  2339 | D:4      | Found an ancient bone altar of Kikubaaqudgha.
  2403 | D:4      | Noticed a sky beast
  2412 | D:4      | Killed a sky beast
  2412 | D:4      | Reached XP level 7. HP: 50/57 MP: 6/6
  2647 | D:5      | Entered Level 5 of the Dungeon
  2670 | D:5      | Reached **** piety under Trog
  2699 | D:5      | Reached skill level 10 in Maces & Flails
  3185 | D:5      | Reached skill level 11 in Maces & Flails
  3310 | D:5      | Shot with an arrow by a centaur

Vault maps used:
D:1:      onia_arrival_handbag, roderic_filled_cross
D:2:      nicolae_overflow_crystal_walls, first_bread
D:3:      lemuel_upstairs_altar, minmay_overflow_temple_star_quad, uniq_sigmund
D:4:      lemuel_zombie_altar_kikubaaqudgha, lemuel_tele_altar, uniq_robin

Skill      XL: |  1  2  3  4  5  6  7 |
---------------+----------------------+-----
Maces & Flails | 4 5 6 8 9 11 | 11.1
Fighting       | |  3.6
Armour         | |  2.8
Dodging        | |  2.4
Stealth        | |  0.5

Action                   |  1- 3 |  4- 6 |  7- 9 || total
-------------------------+-------+-------+-------++-------
Melee: Mace              |    75 |   110 |       ||   185
       Morningstar       |       |    48 |    68 ||   116
Invok: Burn Spellbooks   |       |       |     1 ||     1
       Berserk           |       |       |     1 ||     1
  Use: Scroll            |       |     4 |    12 ||    16
  Eat: Chunk             |       |     1 |       ||     1
       Meat ration       |       |     1 |       ||     1
       Fruit             |       |       |     4 ||     4
       Pizza             |       |       |     1 ||     1
